 Dungeon Crawl Stone Soup version 0.31-a0-1074-g0b22e4e0f1 (webtiles) character file.

Game seed: 12506359205404629785

2881 grandjackal the Fighter (level 9, -8/82 HPs)
             Began as a Yellow Draconian Gladiator on Nov 30, 2023.
             Was a Follower of Okawaru.
             Killed by divine providence
             ... invoked by an orc priest
              (14 damage)
             ... on level 7 of the Dungeon.
             The game lasted 00:08:38 (6191 turns).

grandjackal the Fighter (DrGl)                      Turns: 6191, Time: 00:08:40

Health: -8/82      AC:  8    Str: 22    XL:     9   Next: 48%
Magic:  11/11      EV: 21    Int:  9    God:    Okawaru [*.....]
Gold:   294        SH:  0    Dex: 17    Spells: 8/8 levels left

rFire   . . .        a - +0 long sword
rCold   . . .        (no shield)
rNeg    . . .        (body armour unavailable)
rPois   .            b - +0 hat
rElec   .            B - +0 cloak
rCorr   +            (no gloves)
SInv    .            (no boots)
Will    .....        (no amulet)
Stlth   ++           n - +5 ring of evasion
HPRegen 0.33/turn    F - +6 ring of strength
MPRegen 0.12/turn

%: no passive effects
@: no status effects
A: spit acid, AC +7, unfitting armour, cold-blooded, acid resistance
a: Breathe Acid, Renounce Religion, Heroism


You were on level 7 of the Dungeon.
You worshipped Okawaru.
Okawaru was aware of your devotion.
You visited 2 branches of the dungeon, and saw 8 of its levels.
You also visited: Sewer.

You collected 294 gold pieces.

Inventory:

Hand Weapons
 a - a +0 long sword (weapon)
 v - a +3 dagger
Missiles
 c - 4 throwing nets (quivered)
 d - 7 javelins
 i - 39 poisoned darts
 D - 3 curare-tipped darts
Armour
 b - a +0 hat (worn)
 B - a +0 cloak (worn)
Jewellery
 n - a +5 ring of evasion (left hand)
 F - a +6 ring of strength (right hand)
Wands
 w - a wand of digging (7)
 x - a wand of charming (12)
 A - a wand of flame (10)
 C - a wand of polymorph (9)
Scrolls
 e - 6 scrolls of fear
 j - a scroll of revelation {unknown}
 k - 6 scrolls of identify
 m - a scroll of amnesia
 o - 2 scrolls of enchant armour {unknown}
 q - 2 scrolls of fog {unknown}
 r - a scroll of enchant weapon {unknown}
 s - 3 scrolls of teleportation {unknown}
 t - a scroll of brand weapon {unknown}
 y - a scroll of silence {unknown}
 H - a scroll of vulnerability {unknown}
 L - a scroll of acquirement {unknown}
Potions
 f - 2 potions of degeneration
 h - a potion of brilliance {unknown}
 l - 4 potions of heal wounds {unknown}
 p - a potion of resistance {unknown}
 u - 3 potions of haste {unknown}
 z - 4 potions of cancellation {unknown}
 E - a potion of might {unknown}
 G - a potion of enlightenment {unknown}
 I - a potion of mutation {unknown}
 J - a potion of lignification {unknown}
 K - a potion of attraction {unknown}


   Skills:
 + Level 8.5 Fighting
 + Level 8.0 Long Blades
 - Level 1.7 Throwing
 + Level 7.2 Dodging
 + Level 3.0 Invocations


You had 8 spell levels left.
You didn't know any spells.
Your spell library contained the following spells:

 Spells                   Type           Power      Damage    Failure   Level
 Magic Dart               Conj           0%         1d3       38%         1
 Sting                    Tmut/Pois      0%         1d3       38%         1
 Poisonous Vapours        Pois/Air       0%         N/A       52%         2
 Frozen Ramparts          Ice            0%         1d1       77%         3
 Mephitic Cloud           Conj/Pois/Air  0%         N/A       77%         3
 Ozocubu's Armour         Ice            0%         N/A       77%         3
 Olgreb's Toxic Radiance  Pois           0%         N/A       99%         4
 Petrify                  Tmut/Erth      0%         N/A       99%         4
 Metabolic Englaciation   Hex/Ice        0%         N/A       100%        5
 Ozocubu's Refrigeration  Ice            0%         4d7       100%        7
 Summon Small Mammal      Summ           Unusable   N/A       N/A         1
 Call Imp                 Summ           Unusable   N/A       N/A         2
 Call Canine Familiar     Summ           Unusable   N/A       N/A         3
 Summon Guardian Golem    Hex/Summ       Unusable   N/A       N/A         3

Dungeon Overview and Level Annotations

Branches:
Dungeon (7/15)             Temple (1/1) D:5           Sewer (visited)

Altars:
Cheibriados
Elyvilon
Fedhas
Gozag
Hepliaklqana
Kikubaaqudgha
Makhleb
Nemelex Xobeh
Okawaru
Qazlal
Ru
Sif Muna
Uskayaw
Vehumet
Wu Jian
Xom
Yredelemnul
Zin
The Shining One


Innate Abilities, Weirdness & Mutations

You can spit globs of acid.
Your golden yellow scales are hard. (AC +7)
You cannot fit into any form of body armour.
You are cold-blooded and may be slowed by cold attacks.
You are resistant to acid. (rCorr)


Message History

* * * LOW HITPOINT WARNING * * *
Your Long Blades skill increases to level 8!
Your Invocations skill increases to level 3!
An orc comes into view. It is wielding a +0 dagger of freezing.
The orc shouts!
The orc priest shouts!
The orc closely misses you.
Things that are here:
a +0 short sword; a +0 chain mail You hit the orc priest.
The orc priest is lightly wounded.
The orc misses you. The orc priest barely misses you.
You slash the orc priest! You tail-slap the orc priest.
The orc priest is severely wounded.
The orc hits you but does no damage. The orc priest misses you.
You completely miss the orc priest.
The orc priest is severely wounded.
The orc completely misses you.
The orc priest invokes the aid of Beogh against you.
Beogh smites you!
* * * LOW HITPOINT WARNING * * *
You closely miss the orc priest.
The orc priest is severely wounded.
The orc hits you but does no damage. The orc priest completely misses you.
Unknown command.
You closely miss the orc priest.
The orc priest is severely wounded.
The orc misses you.
The orc priest hits you but does no damage.
You closely miss the orc priest.
The orc priest is severely wounded.
The orc completely misses you.
The orc priest looks satisfied for a moment.
The orc closely misses you.
You closely miss the orc priest.
The orc priest is severely wounded.
The orc hits you with a +0 trident.
* * * LOW HITPOINT WARNING * * *
The orc priest invokes the aid of Beogh against you.
Beogh smites you!
You die...

#...))####.....#
#...)...)......# ########
#...)#)###.....# #......#
.....#.........###
#......##
.....####...#....#
#......## .....#
##.......########...|..##
####.##
#.............##......<.
..<...#
####..o........#......#.
.#....#
##..o@.......#......#.
......#
#...o#[.........>.....
##....#
#....###########.#####
#....# #....# #.# #....##
#....# ###.##### #.......
#))..# #.......#
#........##.)..#
#.......# #..........#
#.......# #..........#
#.......#


You could see an orc priest and 2 orcs.

Vanquished Creatures
  Pikel (D:4)
  Grinder (D:5)
  A steam dragon (D:5)
  An ice beast (D:5)
  An orc warrior (D:7)
  Pargi (Sewer)
  3 black bears
  A centaur (D:7)
  3 ogres
  2 lemures
  2 kobold brigands
  3 scorpions
  5 wights (D:7)
  A gnoll bouda (D:7)
  3 orc priests
  A hound (D:6)
  Crazy Yiuf (D:4)
  Jessica (D:3)
  2 iguanas
  2 orc wizards
  Robin (D:4)
  12 gnolls
  8 adders
  8 river rats (D:3)
  7 worms
  A dart slug (D:1)
  18 orcs
  8 ball pythons
  4 bats (D:3)
  6 endoplasms
  2 giant cockroaches (D:1)
  6 goblins
  6 hobgoblins
  6 jackals (D:4)
  2 quokkas
  5 frilled lizards
  20 kobolds
  3 rats (D:3)
159 creatures vanquished.

Notes
Turn   | Place    | Note
-------+----------+-------------------------------------------
     0 | D:1      | grandjackal the Draconian Gladiator began the quest for the
                  | Orb.
     0 | D:1      | Reached XP level 1. HP: 17/17 MP: 1/1
   133 | D:1      | Reached XP level 2. HP: 21/25 MP: 2/2
   565 | D:2      | Reached XP level 3. HP: 30/30 MP: 3/3
   867 | D:2      | Reached XP level 4. HP: 27/38 MP: 4/4
   995 | D:2      | You fall into a shaft and drop 2 floors!
  1441 | D:3      | Reached XP level 5. HP: 44/46 MP: 5/5
  1456 | D:3      | Found a glowing drain.
  1485 | Sewer    | Entered a sewer
  1526 | Sewer    | Noticed Pargi
  1538 | Sewer    | Killed Pargi
  1672 | D:3      | Reached XP level 6. HP: 43/53 MP: 6/6
  1771 | D:3      | Found a hide-covered altar of Uskayaw.
  2593 | D:3      | Found a faded altar of an unknown god.
  2594 | D:3      | Noticed Jessica
  2595 | D:3      | Found a hazy altar of Hepliaklqana.
  2602 | D:3      | Killed Jessica
  2671 | D:4      | Noticed Robin
  2704 | D:4      | Killed Robin
  2705 | D:4      | Reached skill level 5 in Fighting
  2705 | D:4      | Reached skill level 5 in Long Blades
  2774 | D:4      | Found a glowing silver altar of Zin.
  2795 | D:4      | Noticed Pikel
  2868 | D:4      | Found an opulent altar of Gozag.
  3026 | D:4      | Your scales start taking on a golden yellow colour.
  3026 | D:4      | Reached XP level 7. HP: 45/61 MP: 7/7
  3026 | D:4      | Gained mutation: You are resistant to acid. (rCorr) [Yellow
                  | Draconian growth]
  3154 | D:4      | Found a runed translucent door.
  3155 | D:4      | Noticed Crazy Yiuf
  3409 | D:4      | Killed Pikel
  3410 | D:4      | Reached skill level 5 in Dodging
  3537 | D:4      | Reached XP level 8. HP: 54/71 MP: 8/8
  3938 | D:4      | Killed Crazy Yiuf
  3964 | D:5      | Entered Level 5 of the Dungeon
  4211 | D:5      | Found an ornate altar of the Wu Jian Council.
  4427 | D:5      | Found a staircase to the Ecumenical Temple.
  4448 | Temple   | Entered the Ecumenical Temple
  4454 | D:5      | Noticed Grinder
  4475 | D:5      | Paralysed by Grinder for 4 turns
  4488 | D:5      | Killed Grinder
  5248 | D:6      | Found an iron altar of Okawaru.
  5344 | D:6      | Became a worshipper of Warmaster Okawaru
  5349 | D:6      | Found a shimmering altar of Xom.
  5350 | D:6      | Found a stormy altar of Qazlal.
  5351 | D:6      | Found a sparkling altar of Nemelex Xobeh.
  5396 | D:6      | Reached XP level 9. HP: 71/81 MP: 9/9
  5555 | D:7      | Reached skill level 1 in Invocations
  6154 | D:7      | Reached * piety under Okawaru
  6191 | D:7      | Killed from afar by an orc priest

Illustrated notes

Levels and vault maps discovered:
D:1:      eino_arrival_water_star, layout_basic
D:2:      layout_basic, basic_altar
D:3:      layout_loops_corners, nicolae_uskayaw_murder_on_the_dancefloor,
          beargit_hepliaklqana_dungeon_heroes, lightli_sewer_entry_pipes,
          kennysheep_doodads
D:4:      layout_loops_ring, pdpol_temple_overflow_zin_treasury_gozag_greed,
          minmay_fractal_squares_diagonal_5, uniq_robin, uniq_pikel,
          uniq_crazy_yiuf_cottage
D:5:      layout_basic, mainiacjoe_overflow_paths,
          minmay_temple_entry_statues_fountains, uniq_grinder
D:6:      layout_basic, okawaru_gym_becter, grunt_temple_overflow_open
D:7:      black_bear_nest_2, layout_basic, corner_web_ring
Temple:   eino_temple_lava

Skill      XL: |  1  2  3  4  5  6  7  8  9 |
---------------+----------------------------+-----
Dodging        | 3 4 5 6 7 |  7.2
Fighting       | 3 4 5 6 7 8 |  8.5
Long Blades    | 4 5 6 7 8 |  8.0
Invocations    | 3 |  3.0
Throwing       | |  1.7

Action                     |  1- 3 |  4- 6 |  7- 9 || total
---------------------------+-------+-------+-------++-------
  Melee: Long sword        |    73 |   301 |   307 ||   681
         Tailslap          |    12 |    33 |    47 ||    92
         Punch             |       |     1 |     4 ||     5
  Throw: Throwing net      |       |       |     2 ||     2
Ability: Breathe Acid      |       |       |    11 ||    11
  Evoke: Wand              |       |       |     1 ||     1
    Use: Scroll            |       |       |     4 ||     4
   Stab: Sleeping          |     1 |       |       ||     1
         Held in net/web   |       |       |     1 ||     1
 Armour: Skin              |    38 |   142 |   150 ||   330
  Dodge: Dodged            |    49 |   331 |   339 ||   719

Table legend: (Time is in decaauts)
 A = Elapsed time spent in this place.
 B = Non-inter-level travel time spent in this place.
 C = Inter-level travel time spent in this place.
 D = Time resting spent in this place.
 E = Time spent auto-exploring this place.
 F = Levels seen in this place.
 G = Mean time per level.
                   A        B        C        D        E       F      G
               +--------+--------+--------+--------+--------+-----+--------+
         Total |   6345 |   6220 |    125 |   1370 |   3198 |   9 |  705.0 |
       Dungeon |   6174 |   6049 |    125 |   1370 |   3129 |   7 |  882.0 |
        Temple |      1 |      1 |      0 |      0 |      0 |   1 |    1.0 |
         Sewer |    169 |    169 |      0 |      0 |     69 |   1 |  169.0 |
               +--------+--------+--------+--------+--------+-----+--------+

Top non-repeatable levels by time:
     D:4: 1616 daAuts
     D:3: 1377 daAuts
     D:5: 843 daAuts
     D:6: 819 daAuts
     D:1: 578 daAuts
     D:7: 501 daAuts
     D:2: 438 daAuts
   Sewer: 169 daAuts
  Temple: 1 daAuts
